 Dungeon Crawl Stone Soup version 0.28.0-45-g0d030f2227 (webtiles) character file.

Game seed: 9006798797795325048

490 Bruhh the Magician (level 7, -5/45 HPs)
             Began as a Djinni Ice Elementalist on Apr 24, 2022.
             Slain by a gnoll
             ... wielding a +0 halberd
              (12 damage)
             ... on level 4 of the Dungeon.
             The game lasted 00:10:43 (5028 turns).

Bruhh the Magician (Djinni Ice Elementalist)        Turns: 5028, Time: 00:10:49

Health: -5/45      AC:  2    Str:  7    XL:     7   Next: 37%
Gold:   175        EV: 12    Int: 19    God:
                   SH:  0    Dex: 13

rFire   + + .      SeeInvis .   f - staff of cold
rCold   . . .      Faith    .   (no shield)
rNeg    . . .      Spirit   .   a - +0 robe
rPois   ∞          Reflect  .   (no helmet)
rElec   .          Harm     .   (no cloak)
rCorr   .          Rampage  .   (no gloves)
Will    .....                   (boots unavailable)
Stlth   ++........              (no amulet)
HPRegen 0.15/turn               (no ring)
MPRegen 0.00/turn               (no ring)

@: freezing walls, flying
A: sickness immunity, fire resistance 2, cold vulnerability 1, float, innate
caster, HP casting, extra vitality 1
a: no special abilities


You were on level 4 of the Dungeon.
You visited 1 branch of the dungeon, and saw 4 of its levels.

You collected 175 gold pieces.

Inventory:

Missiles
 n - 3 poisoned darts
Armour
 a - a +0 robe (worn)
Magical Staves
 f - a staff of cold (weapon)
Wands
 o - a wand of flame (17)
Scrolls
 b - a scroll of holy word {unknown}
 g - a scroll of torment {unknown}
 h - 3 scrolls of identify {unknown}
 i - 2 scrolls of teleportation {unknown}
 l - a scroll of vulnerability {unknown}
Potions
 c - 2 potions of haste {unknown}
 d - 3 potions of might {unknown}
 e - a potion of heal wounds {unknown}
 j - a potion of brilliance {unknown}
 k - 2 potions of mutation {unknown}
 m - a potion of lignification {unknown}


   Skills:
 - Level 2.2 Dodging
 - Level 1.5 Stealth
 + Level 6.5 Spellcasting


You had 3 spell levels left.
You knew the following spells:

 Your Spells              Type           Power      Damage    Failure   Level
a - Freeze                Ice            100%       1d11      1%          1
b - Frozen Ramparts       Ice            92%        1d11      2%          3
c - Ozocubu's Armour      Ice            46%        N/A       2%          3
d - Hailstorm             Conj/Ice       46%        3d11      8%          4
e - Beastly Appendage     Tmut           60%        N/A       1%          1
f - Call Imp              Summ           30%        N/A       1%          2
g - Ensorcelled Hibernat  Hex/Ice        92%        N/A       1%          2
Your spell library was empty.

Dungeon Overview and Level Annotations

Branches:
Dungeon (4/15)
 Temple: D:4-7

Altars:
Ashenzari
Sif Muna
Uskayaw

Shops:
D:1 (

Annotations:
D:4 Menkaure


Innate Abilities, Weirdness & Mutations

You are immune to sickness and miasma.
You are immune to poison.
Your flesh is very heat resistant. (rF++)
You are vulnerable to cold. (rC-)
You float through the air rather than walking.
You learn spells naturally, not from books.
Your magical power is your life essence.
You have superior vitality. (+4 MHP)


Message History

A gnoll is nearby!
A gnoll is nearby!
A gnoll comes into view. It is wielding a +2 vampiric spear.
Things that are here:
a +0 giant spiked club; an ogre corpse
Things that are here:
a +0 giant spiked club; an ogre corpse
Casting: Freeze (safe; 1% risk of failure)
Confirm with . or Enter, or press ? or * to list all spells.
Casting: Frozen Ramparts (dangerous; 2% risk of failure)
Press: ? - help, Dir - look around, f - activate You feel a surge of power!
The walls around you are covered in ice.
The gnoll shouts!
Casting: Frozen Ramparts (dangerous; 2% risk of failure)
Confirm with . or Enter, or press ? or * to list all spells.
You feel a surge of power! A film of ice covers your body!
The gnoll hits you from afar with a +0 halberd!
* * * LOW HITPOINT WARNING * * *
Your icy armour and frozen ramparts will break if you move.
Continue?
Your icy armour cracks and falls away as you move.
The frozen ramparts melt away as you move.
You see here a +0 flail.
Casting: Ozocubu's Armour (dangerous; 2% risk of failure)
Confirm with . or Enter, or press ? or * to list all spells.
Casting: Frozen Ramparts (dangerous; 2% risk of failure)
Press: ? - help, Dir - look around, f - activate You feel a surge of power!
The walls around you are covered in ice.
* * * LOW HITPOINT WARNING * * *
A gnoll comes into view. It is wielding a +0 falchion.
The wall freezes the gnoll.
The gnoll closely misses you.
Casting: Frozen Ramparts (dangerous; 2% risk of failure)
Confirm with . or Enter, or press ? or * to list all spells.
A beastly little devil appears in a puff of flame.
The gnoll shouts!
* * * LOW HITPOINT WARNING * * *
The wall freezes the gnoll.
The gnoll hits you from afar with a +0 halberd!
You die...

##....## ...# ..
#...##.## #...#.#
#######.####....g#
#### ##...##.....#
#..## #..#).##..).#
#...###.##...##.g.#
##.###.####...#.g##
###.##.# #...#5.#
...#...## ##.###@#
#####...# ##.##.#
#..##.# #.##.#
#####.#######..#
#.###..##..##
#......##.##
####)..##.#
#..).#.###
.####.......#


You could see 3 gnolls and a friendly crimson imp (summoned).

Vanquished Creatures
  2 ogres (D:4)
  A vampire bat (D:4)
  Jessica (D:3)
  An orc wizard (D:3)
  A gnoll (D:4)
  3 adders
  A dart slug (D:2)
  3 fire bats (D:4)
  2 orcs
  2 spectral bats (D:4)
  A ball python (D:3)
  3 bat skeletons (D:4)
  A bat zombie (D:4)
  4 endoplasms
  2 giant cockroaches (D:2)
  5 goblins
  2 hobgoblins
  7 jackals
  15 bats
  A bat simulacrum (D:4)
  A frilled lizard (D:1)
  5 kobolds
  7 rats
71 creatures vanquished.

Vanquished Creatures (collateral kills)
  2 bullfrog skeletons (D:4)
  An orc (D:4)
3 creatures vanquished.

Grand Total: 74 creatures vanquished

Notes
Turn   | Place    | Note
-------+----------+-------------------------------------------
     0 | D:1      | Bruhh the Djinni Ice Elementalist began the quest for the
                  | Orb.
     0 | D:1      | Reached XP level 1. HP: 15/15 MP: 0/0
   241 | D:1      | Reached XP level 2. HP: 11/21 MP: 0/0
  1235 | D:1      | Found Siedeghu's Antique Weapon Shop.
  1260 | D:1      | Reached XP level 3. HP: 18/25 MP: 0/0
  1260 | D:1      | Learned a level 1 spell: Beastly Appendage
  1671 | D:2      | Reached skill level 4 in Spellcasting
  2061 | D:2      | Found a broken altar of Ashenzari.
  2062 | D:2      | Found a faded altar of an unknown god.
  2335 | D:3      | Reached XP level 4. HP: 28/31 MP: 0/0
  2380 | D:3      | Noticed Jessica
  2387 | D:3      | Killed Jessica
  2388 | D:3      | Reached XP level 5. HP: 22/35 MP: 0/0
  2388 | D:3      | Learned a level 2 spell: Call Imp
  2696 | D:3      | Found a hide-covered altar of Uskayaw.
  3256 | D:4      | Noticed Menkaure
  3256 | D:4      | Noticed an ogre
  3256 | D:4      | Noticed an ogre
  3367 | D:4      | Reached skill level 5 in Spellcasting
  3382 | D:4      | Reached XP level 6. HP: 8/40 MP: 0/0
  4808 | D:4      | Killed an ogre
  4809 | D:4      | Reached skill level 6 in Spellcasting
  4809 | D:4      | Reached XP level 7. HP: 21/45 MP: 0/0
  4809 | D:4      | Learned a level 2 spell: Ensorcelled Hibernation
  5028 | D:4      | Slain by a gnoll

Illustrated notes

Levels and vault maps discovered:
D:1:      heliophobic_arrival_glass_houses, layout_basic, serial_shops,
          nicolae_shop_competitors_out_of_business, minmay_hexomino_u4
D:2:      layout_rooms, shapermc_ecumenical_altar_mp_highgroup, basic_altar,
          hangedman_decor_clover_reticule
D:3:      layout_loops_ring, nicolae_sif_muna_little_library, marbit_many_paths,
          uniq_jessica
D:4:      layout_rooms, goddamned_bats, uniq_menkaure

Skill      XL: |  1  2  3  4  5  6 |
---------------+-------------------+-----
Spellcasting   | 4 5 6 |  6.5
Dodging        | |  2.2
Stealth        | |  1.5

Action                   |  1- 3 |  4- 6 |  7- 9 || total
-------------------------+-------+-------+-------++-------
Melee: Unarmed           |     2 |       |       ||     2
       Staff             |    19 |    69 |     4 ||    92
       Punch             |     1 |       |       ||     1
 Cast: Freeze            |    36 |    23 |     3 ||    62
       Frozen Ramparts   |     2 |     5 |     3 ||    10
       Call Imp          |       |     3 |     2 ||     5
       Ozocubu's Armour  |       |     3 |     1 ||     4
       Hailstorm         |       |     1 |     1 ||     2
       Ensorcelled Hiber |       |       |     1 ||     1
 Stab: Sleeping          |     2 |       |       ||     2
Armor: Robe              |    10 |    80 |       ||    90
Dodge: Dodged            |    18 |   146 |     4 ||   168
